 Dungeon Crawl Stone Soup version 0.26-a0-712-ga5a9c9c9d0 (webtiles) character file.

Game seed: 1527577555361441079

17 Goblin1989 the Insei (level 2, 0/21 HPs)
             Began as a Demonspawn Transmuter on Nov 6, 2020.
             Killed from afar by a white imp (9 damage)
             ... with a puff of frost
             ... on level 2 of the Dungeon.
             The game lasted 00:01:48 (1038 turns).

Goblin1989 the Insei (Demonspawn Transmuter)        Turns: 1038, Time: 00:01:48

Health: 0/21       AC:  2    Str: 10    XL:     2   Next: 44%
Magic:  0/5        EV: 12    Int: 14    God:
Gold:   67         SH:  0    Dex: 13    Spells: 5/6 levels left

rFire    . . .     SeeInvis .     - Unarmed
rCold    . . .     Faith    .   (no shield)
rNeg     . . .     Spirit   +   a - +0 robe
rPois    .         Reflect  .   (helmet currently unavailable)
rElec    .         Harm     .   (no cloak)
rCorr    .         Rampage  .   (no gloves)
MR       .....                  (boots currently unavailable)
Stlth    +.........             (no amulet)
HPRegen  0.07/turn              (no ring)
MPRegen  0.09/turn              (no ring)

@: appendages
A: horns 2, talons 2, magic shield
a: End Transformation


You were on level 2 of the Dungeon.
You had grown temporary horns.
You had grown temporary talons.
You visited 1 branch of the dungeon, and saw 2 of its levels.

You collected 67 gold pieces.

Inventory:

Armour
 a - a +0 robe (worn)
Scrolls
 b - a scroll of magic mapping {unknown}
 c - a scroll of remove curse {unknown}
 e - a scroll of identify {unknown}
 f - a scroll of amnesia {unknown}
 i - a scroll of immolation {unknown}
Potions
 d - a potion of curing {unknown}
 g - a potion of stabbing {unknown}
 h - 2 potions of lignification {unknown}
 j - a potion of mutation {unknown}


   Skills:
 - Level 1.0 Fighting
 - Level 1.7 Dodging
 - Level 2.6 Unarmed Combat
 + Level 2.5 Spellcasting
 + Level 2.3 Transmutations


You had 5 spell levels left.
You knew the following spells:

 Your Spells              Type           Power        Failure   Level
a - Beastly Appendage     Tmut           #.....       9%          1

Your spell library contained the following spells:

 Spells                   Type           Power        Failure   Level
 Wereblood                Tmut           #.......     13%         2
 Spider Form              Tmut/Pois      #.........   38%         3
 Ice Form                 Ice/Tmut       #.......     80%         4
 Blade Hands              Tmut           #.........   94%         5


Dungeon Overview and Level Annotations

Branches:
Dungeon (2/15)

Altars:
The Shining One


Innate Abilities, Weirdness & Mutations

When hurt, damage is shared between your health and your magic reserves.
You have a pair of horns on your head.
You have razor-sharp toenails.


Message History

You closely miss the kobold. The kobold barely misses you.
You hit the kobold.
You kill the kobold!
Your magical contamination has completely faded away.
No target in view!
No target in view!
Found a mace.
MP restored: 5
Found a stone staircase leading down.
There is a stone staircase leading down here.
You see here a robe.
You see here a robe.
You see here a robe.
i - a scroll labeled ESO ONIHAF
Found a stone staircase leading down.
You open the door.
Found a glowing golden altar of the Shining One.
There is an open door here.
Done exploring.
Done exploring.
(D) Dungeon
Where to? (? - help)
There is an open door here.
There is a stone staircase leading down here.
You climb downwards.
Found 14 gold pieces.
There is a stone staircase leading up here.
A bat comes into view.
A bat is nearby!
Casting: Beastly Appendage (safe; 9% risk of failure)
Confirm with . or Enter, or press ? or * to list all spells.
You grow a pair of large bovine horns.
Your feet morph into talons.
You now have 4/5 mp.
Unknown command.
The bat hits you but does no damage. The bat barely misses you.
You hit the bat. Your kick misses the bat.
The bat is severely wounded.
The bat hits you but does no damage. The bat closely misses you.
The bat hits you.
You take 1 damage, and have 20/21 hp.
You closely miss the bat. You headbutt the bat.
You kill the bat!
No target in view!
No target in view!
Magic restored.
Your transformation is almost over.
MP restored: 5 HP restored.
Your horns disappear.
Your talons disappear.
You now have 45 gold pieces (gained 14).
You now have 51 gold pieces (gained 6).
A worm comes into view.
Health restored: 21
Okay, then.
There is a stone staircase leading up here.
You climb upwards.
There is a stone staircase leading down here.
You see here a +0 club.
There is a stone staircase leading down here.
You climb downwards.
Found 6 gold pieces and a red potion.
Found a stone staircase leading down.
There is a stone staircase leading up here.
You now have 57 gold pieces (gained 6).
j - a red potion
Found a ring mail.
A white imp comes into view.
The white imp moves out of view.
Found 14 stones.
You now have 67 gold pieces (gained 10).
The white imp gestures at you. The puff of frost hits you.
Found 13 gold pieces.
You take 3 damage, and have 18/21 hp.
You now have 4/5 mp.
Casting: Beastly Appendage (safe; 9% risk of failure)
Confirm with . or Enter, or press ? or * to list all spells.
You grow a pair of large bovine horns.
Your feet morph into talons.
You now have 3/5 mp.
Unknown command.
The white imp hits you. The white imp freezes you.
You take 4 damage, and have 14/21 hp.
You closely miss the white imp.
You headbutt the white imp, but do no damage.
The white imp completely misses you.
You hit the white imp. Your kick misses the white imp.
You headbutt the white imp.
The white imp is moderately wounded.
The white imp hits you but does no damage.
You barely miss the white imp. You claw the white imp.
You headbutt the white imp, but do no damage.
The white imp is heavily wounded.
The white imp gestures at you. The puff of frost hits you.
* * * LOW HITPOINT WARNING * * *
You take 5 damage, and have 9/21 hp.
MASSIVE DAMAGE!!
You now have 2/5 mp.
You hit the white imp. You claw the white imp.
The white imp is almost dead.
The white imp gestures at you. The puff of frost hits you!
You die...

.....>.......█ $..█ .█
.......<.....█████......
█.
........................
.
.............███.......█
.. .............█
█.█...[.. ..
███.█........███.█......
███.█.................██
.............██.........
................@██.....
......███....████5....██
.█.............█ ..██..█
.█..........██.....(.
█...............█████
█.............█...
█.███████████. ███


You could see a white imp.

Vanquished Creatures
  A leopard gecko (D:1)
  5 goblins (D:1)
  A hobgoblin (D:1)
  A kobold (D:1)
  2 bats
  2 frilled lizards (D:1)
  4 rats (D:1)
16 creatures vanquished.

Notes
Turn   | Place    | Note
-------+----------+-------------------------------------------
     0 | D:1      | Goblin1989 the Demonspawn Transmuter began the quest for
                  | the Orb.
     0 | D:1      | Reached XP level 1. HP: 15/15 MP: 3/3
   466 | D:1      | Gained mutation: When hurt, damage is shared between your
                  | health and your magic reserves. [demonic ancestry]
   466 | D:1      | Reached XP level 2. HP: 21/21 MP: 3/5
   871 | D:1      | Found a glowing golden altar of the Shining One.
  1038 | D:2      | Killed from afar by a white imp

Illustrated notes

Levels and vault maps discovered:
D:1:      minmay_arrival_widening_spiral_narrow, layout_loops_ring, tso_altar
D:2:      layout_rooms, serial_corexii_hall, corexii_hall_statues_i,
          corexii_hall_statues_u

Skill      XL: |  1 |
---------------+----+-----
Transmutations | 2 |  2.3
Fighting       | |  1.0
Dodging        | |  1.7
Unarmed Combat | |  2.6
Spellcasting   | |  2.5

Action                   || total
-------------------------++-------
Melee: Unarmed           ||    27
       Headbutt          ||     6
       Kick              ||     3
 Cast: Beastly Appendage ||    11
 Stab: Sleeping          ||     3
Armor: Robe              ||     3
Dodge: Dodged            ||    12

Table legend: (Time is in decaauts)
 A = Elapsed time spent in this place.
 B = Non-inter-level travel time spent in this place.
 C = Inter-level travel time spent in this place.
 D = Time resting spent in this place.
 E = Time spent auto-exploring this place.
 F = Levels seen in this place.
 G = Mean time per level.
                   A        B        C        D        E       F      G
               +--------+--------+--------+--------+--------+-----+--------+
         Total |   1037 |    976 |     61 |      0 |    853 |   2 |  518.5 |
       Dungeon |   1037 |    976 |     61 |      0 |    853 |   2 |  518.5 |
               +--------+--------+--------+--------+--------+-----+--------+

Top non-repeatable levels by time:
     D:1: 938 daAuts
     D:2: 99 daAuts
